| TOP OF THE 1ST |
|
Round Rock Express batting - Pitching for Omaha Storm Chasers : RHP Bryan Boykin
|
|
Pitching: RHP Bryan Boykin
|
|
|
Batting: RHB Cody Flowers
|
0-0: Ball 1-0: Called Strike 1-1: Swinging Strike 1-2: Strikes out swinging
|
|
Batting: SHB David Simpson
|
0-0: Swinging Strike 0-1: Foul Ball, location: 2F 0-2: Ball 1-2: Ball 2-2: Ground out 6-3 (Groundball, 6M, EV 80.6 MPH)
|
|
Batting: RHB Andrew Clarke
|
0-0: Foul Ball, location: 2F 0-1: SINGLE (Groundball, 4MD, EV 98.1 MPH)
|
|
Batting: RHB Orlando Suarez
|
0-0: Ball 1-0: Foul Ball, location: 2F 1-1: Called Strike 1-2: Ball 2-2: Foul Ball, location: 2F 2-2: Ball 3-2: 2-RUN HOME RUN (Flyball, 78XD, EV 107.5 MPH), Distance : 428 ft
|
|
Batting: RHB Ernie Weathersbee
|
0-0: Foul Ball, location: 2F 0-1: Ball 1-1: Called Strike 1-2: Ball 2-2: Strikes out swinging
|
| Top of the 1st over - 2 runs, 2 hits, 0 errors, 0 left on base; Round Rock 2 - Omaha 0 |
| BOTTOM OF THE 1ST |
|
Omaha Storm Chasers batting - Pitching for Round Rock Express : RHP Adam Jackson
|
|
Pitching: RHP Adam Jackson
|
|
|
Batting: RHB Yuichi Takata
|
0-0: Ball 1-0: Foul Ball, location: 2F 1-1: SINGLE (Groundball, 34S, EV 67.5 MPH) (infield hit)
|
|
Batting: RHB Bob Najar
|
0-0: Ball Yuichi Takata is caught stealing 2nd base 2-4 1-0: Swinging Strike 1-1: Ball 2-1: Foul Ball, location: 2F 2-2: Foul Ball, location: 2F 2-2: Ball 3-2: Fly out, F8 (Line Drive, 8RM, EV 84.4 MPH)
|
|
Batting: LHB Roman Downey
|
0-0: Ball 1-0: Ball 2-0: Ball 3-0: Called Strike 3-1: Ground out U3 (Groundball, 3, EV 89.4 MPH)
|
| Bottom of the 1st over - 0 runs, 1 hit, 0 errors, 0 left on base; Round Rock 2 - Omaha 0 |
| TOP OF THE 2ND |
|
Round Rock Express batting - Pitching for Omaha Storm Chasers : RHP Bryan Boykin
|
|
Batting: RHB Jimmy Hammertime
|
0-0: Ball 1-0: Called Strike 1-1: Ball 2-1: SOLO HOME RUN (Flyball, 7D, EV 97.5 MPH), Distance : 357 ft
|
|
Batting: LHB Pauli Gassinger
|
0-0: Ball 1-0: Ball 2-0: Ball 3-0: Called Strike 3-1: Swinging Strike 3-2: Ground out 5-3 (Groundball, 56, EV 85.0 MPH)
|
|
Batting: RHB Gavin Fimple
|
0-0: Ball 1-0: Ball 2-0: SINGLE (Groundball, 6MD, EV 104.4 MPH)
|
|
Batting: RHB Rick Concha
|
0-0: Called Strike 0-1: Ball 1-1: Ball 2-1: Fielders Choice at 2nd, 1-6 (Groundball, 34S, EV 65.6 MPH)
|
|
Batting: RHB Cody Flowers
|
0-0: Ball 1-0: Swinging Strike 1-1: Swinging Strike 1-2: Ball Rick Concha steals 2nd base 2-2: Ground out 6-3 (Groundball, 56, EV 102.5 MPH)
|
| Top of the 2nd over - 1 run, 2 hits, 0 errors, 1 left on base; Round Rock 3 - Omaha 0 |
| BOTTOM OF THE 2ND |
|
Omaha Storm Chasers batting - Pitching for Round Rock Express : RHP Adam Jackson
|
|
Batting: RHB Nick Ogle
|
0-0: Swinging Strike 0-1: Ball 1-1: Foul Ball, location: 2F 1-2: Fly out, F9 (Line Drive, 9, EV 103.8 MPH)
|
|
Batting: RHB Mikolas Markus
|
0-0: Ground out 5-3 (Groundball, 56S, EV 68.1 MPH)
|
|
Batting: RHB Chris Cooper
|
0-0: Swinging Strike 0-1: Swinging Strike 0-2: Ball 1-2: Ball 2-2: Foul Ball, location: 2F 2-2: Ball 3-2: Strikes out swinging
|
| Bottom of the 2nd over - 0 runs, 0 hits, 0 errors, 0 left on base; Round Rock 3 - Omaha 0 |
| TOP OF THE 3RD |
|
Round Rock Express batting - Pitching for Omaha Storm Chasers : RHP Bryan Boykin
|
|
Batting: SHB David Simpson
|
0-0: Called Strike 0-1: DOUBLE (Line Drive, 9LS, EV 105.6 MPH)
|
|
Batting: RHB Andrew Clarke
|
0-0: Foul Ball, location: 2F 0-1: Foul Ball, location: 2F 0-2: Ball 1-2: Ball 2-2: Ball 3-2: Foul Ball, location: 2F 3-2: Foul Ball, location: 2F 3-2: Base on Balls
|
|
Batting: RHB Orlando Suarez
|
0-0: Ball 1-0: Swinging Strike 1-1: Ball 2-1: Fly out, F8 (Flyball, 8RXD, EV 98.1 MPH) Runner from 2nd tags up, SAFE at 3rd, no throw by CF
|
|
Batting: RHB Ernie Weathersbee
|
0-0: Ball 1-0: Called Strike 1-1: Ball 2-1: Ball 3-1: Called Strike 3-2: Foul Ball, location: 2F 3-2: Foul Ball, location: 2F 3-2: Fly out, F9 (Flyball, 89S, EV 83.8 MPH)
|
|
Batting: RHB Jimmy Hammertime
|
0-0: Called Strike 0-1: SINGLE (Groundball, 6MD, EV 105.0 MPH) David Simpson scores Andrew Clarke to second Runner from 2nd tries for 3rd, SAFE, throw by CF made to third
|
|
Batting: LHB Pauli Gassinger
|
0-0: Foul Ball, location: 2F 0-1: Fly out, F9 (Flyball, 9D, EV 98.1 MPH)
|
| Top of the 3rd over - 1 run, 2 hits, 0 errors, 2 left on base; Round Rock 4 - Omaha 0 |
| BOTTOM OF THE 3RD |
|
Omaha Storm Chasers batting - Pitching for Round Rock Express : RHP Adam Jackson
|
|
Batting: RHB Eric Sandell
|
0-0: Fly out, F7 (Line Drive, 7, EV 89.4 MPH)
|
|
Batting: RHB Joeri Plas
|
0-0: Foul Ball, location: 2F 0-1: Ball 1-1: Ball 2-1: Ball 3-1: Base on Balls
|
|
Batting: RHB Aaron Moore
|
0-0: Ball 1-0: Called Strike 1-1: Called Strike 1-2: Fielders Choice at 2nd, 6-4 (Groundball, 6M, EV 85.6 MPH)
|
|
Batting: RHB Yuichi Takata
|
0-0: Ball 1-0: Called Strike 1-1: Ball Aaron Moore steals 2nd base (no throw) 2-1: SINGLE (Line Drive, 8RS, EV 103.8 MPH) Aaron Moore to third
|
|
Batting: RHB Bob Najar
|
0-0: Foul Ball, location: 2F 0-1: Ball 1-1: Swinging Strike 1-2: Ball 2-2: Fielders Choice at 2nd, 6-4 (Groundball, 56, EV 101.9 MPH)
|
| Bottom of the 3rd over - 0 runs, 1 hit, 0 errors, 2 left on base; Round Rock 4 - Omaha 0 |
| TOP OF THE 4TH |
|
Round Rock Express batting - Pitching for Omaha Storm Chasers : RHP Bryan Boykin
|
|
Batting: RHB Gavin Fimple
|
0-0: Foul Ball, location: 2F 0-1: Foul Ball, location: 2F 0-2: Ball 1-2: Ball 2-2: Hit by Pitch
|
|
Batting: RHB Rick Concha
|
0-0: Ball 1-0: Foul Ball, location: 2F 1-1: Foul Ball, location: 2F 1-2: Foul Ball, location: 2F 1-2: Strikes out swinging
|
|
Batting: RHB Cody Flowers
|
0-0: Ball 1-0: Ball 2-0: Grounds into double play, 6-4-3 (Groundball, 6, EV 87.5 MPH)
|
| Top of the 4th over - 0 runs, 0 hits, 0 errors, 0 left on base; Round Rock 4 - Omaha 0 |
| BOTTOM OF THE 4TH |
|
Omaha Storm Chasers batting - Pitching for Round Rock Express : RHP Adam Jackson
|
|
Batting: LHB Roman Downey
|
0-0: Fly out, F4 (Flyball, 34D, EV 85.0 MPH)
|
|
Batting: RHB Nick Ogle
|
0-0: Called Strike 0-1: Foul Ball, location: 2F 0-2: Ball 1-2: Ball 2-2: Ball 3-2: Base on Balls
|
|
Batting: RHB Mikolas Markus
|
0-0: Called Strike 0-1: Foul Ball, location: 2F 0-2: Ball 1-2: Foul Ball, location: 2F 1-2: Ball 2-2: Fly out, F8 (Line Drive, 8RD, EV 104.4 MPH)
|
|
Batting: RHB Chris Cooper
|
0-0: Foul Ball, location: 2F 0-1: Ball 1-1: Ground out 4-3 (Groundball, 4, EV 86.2 MPH)
|
| Bottom of the 4th over - 0 runs, 0 hits, 0 errors, 1 left on base; Round Rock 4 - Omaha 0 |
| TOP OF THE 5TH |
|
Round Rock Express batting - Pitching for Omaha Storm Chasers : RHP Bryan Boykin
|
|
Batting: SHB David Simpson
|
0-0: Ball 1-0: SINGLE (Groundball, 4MD, EV 98.1 MPH)
|
|
Batting: RHB Andrew Clarke
|
0-0: Called Strike 0-1: Ball 1-1: Ball 2-1: Ball 3-1: Base on Balls David Simpson to second
|
|
Batting: RHB Orlando Suarez
|
0-0: Swinging Strike 0-1: Foul Ball, location: 2F 0-2: Ball 1-2: Ball 2-2: Ball 3-2: Fly out, F9 (Line Drive, 9D, EV 85.6 MPH) Runner from 2nd tags up, SAFE at 3rd, no throw by RF
|
|
Batting: RHB Ernie Weathersbee
|
0-0: Ball 1-0: Called Strike 1-1: Foul Ball, location: 2F 1-2: Foul Ball, location: 2F 1-2: Strikes out looking Andrew Clarke steals 2nd base Batter strikes out.
|
|
Batting: RHB Jimmy Hammertime
|
0-0: Ball 1-0: Fly out, F9 (Flyball, 9LD, EV 108.8 MPH)
|
| Top of the 5th over - 0 runs, 1 hit, 0 errors, 2 left on base; Round Rock 4 - Omaha 0 |
| BOTTOM OF THE 5TH |
|
Omaha Storm Chasers batting - Pitching for Round Rock Express : RHP Adam Jackson
|
|
Batting: RHB Eric Sandell
|
0-0: Fly out, F8 (Flyball, 8LD, EV 100.6 MPH)
|
|
Batting: RHB Joeri Plas
|
0-0: Ground out 5-3 (Groundball, 56S, EV 66.9 MPH)
|
|
Batting: RHB Aaron Moore
|
0-0: Ball 1-0: Called Strike 1-1: Ball 2-1: Ball 3-1: Base on Balls
|
|
Batting: RHB Yuichi Takata
|
0-0: Called Strike Aaron Moore steals 2nd base 0-1: SINGLE (Groundball, 6M, EV 101.9 MPH) (infield hit) Aaron Moore to third
|
|
Batting: RHB Bob Najar
|
0-0: Ball 1-0: Ball 2-0: SINGLE (Groundball, 6MD, EV 113.1 MPH) Aaron Moore scores Yuichi Takata to second Runner from 2nd tries for 3rd, SAFE, no throw by CF
|
|
Batting: LHB Roman Downey
|
0-0: Ball 1-0: Ball 2-0: Ball 3-0: Called Strike 3-1: Base on Balls Bob Najar to second
|
|
Batting: RHB Nick Ogle
|
0-0: Ball 1-0: Foul Ball, location: 2F 1-1: Fielders Choice at 2nd, 5-4 (Groundball, 56, EV 83.8 MPH)
|
| Bottom of the 5th over - 1 run, 2 hits, 0 errors, 3 left on base; Round Rock 4 - Omaha 1 |
| TOP OF THE 6TH |
|
Round Rock Express batting - Pitching for Omaha Storm Chasers : RHP Bryan Boykin
|
|
Pitching: RHP Sergio Quinones
|
|
|
Batting: LHB Pauli Gassinger
|
0-0: Called Strike 0-1: Called Strike 0-2: Ball 1-2: Fly out, F9 (Flyball, 9D, EV 87.5 MPH)
|
|
Batting: RHB Gavin Fimple
|
0-0: Called Strike 0-1: Called Strike 0-2: Ball 1-2: Strikes out swinging
|
|
Batting: RHB Rick Concha
|
0-0: Ball 1-0: Ball 2-0: SOLO HOME RUN (Line Drive, 7D, EV 100.0 MPH), Distance : 376 ft
|
|
Batting: RHB Cody Flowers
|
0-0: Foul Ball, location: 2F 0-1: SINGLE (Flyball, 8LS, EV 91.9 MPH)
|
|
Batting: SHB David Simpson
|
0-0: Ball Cody Flowers steals 2nd base 1-0: Foul Ball, location: 2F 1-1: Foul Ball, location: 2F 1-2: Strikes out swinging
|
| Top of the 6th over - 1 run, 2 hits, 0 errors, 1 left on base; Round Rock 5 - Omaha 1 |
| BOTTOM OF THE 6TH |
|
Omaha Storm Chasers batting - Pitching for Round Rock Express : RHP Adam Jackson
|
|
Batting: RHB Mikolas Markus
|
0-0: Ball 1-0: Ball 2-0: Called Strike 2-1: Foul Ball, location: 2F 2-2: Ball 3-2: Base on Balls
|
|
Batting: RHB Chris Cooper
|
0-0: Ball 1-0: Swinging Strike 1-1: Fielders Choice at 2nd, 5-4 (Groundball, 56, EV 88.8 MPH)
|
|
Batting: RHB Eric Sandell
|
0-0: Grounds into double play, 6-4-3 (Groundball, 6, EV 90.0 MPH)
|
| Bottom of the 6th over - 0 runs, 0 hits, 0 errors, 0 left on base; Round Rock 5 - Omaha 1 |
| TOP OF THE 7TH |
|
Round Rock Express batting - Pitching for Omaha Storm Chasers : RHP Sergio Quinones
|
|
Batting: RHB Andrew Clarke
|
0-0: Ball 1-0: Foul Ball, location: 2F 1-1: Called Strike 1-2: Ball 2-2: Ball 3-2: Strikes out swinging
|
|
Batting: RHB Orlando Suarez
|
0-0: Ball 1-0: Swinging Strike 1-1: Swinging Strike 1-2: Strikes out swinging
|
|
Batting: RHB Ernie Weathersbee
|
0-0: Ball 1-0: Swinging Strike 1-1: Called Strike 1-2: Ground out 3-1 (Groundball, 13, EV 87.5 MPH)
|
| Top of the 7th over - 0 runs, 0 hits, 0 errors, 0 left on base; Round Rock 5 - Omaha 1 |
| BOTTOM OF THE 7TH |
|
Omaha Storm Chasers batting - Pitching for Round Rock Express : RHP Adam Jackson
|
|
Batting: RHB Joeri Plas
|
0-0: Ball 1-0: Ground out 5-3 (Groundball, 56, EV 91.2 MPH)
|
|
Pinch Hitting: LHB Frank Hill
|
0-0: Called Strike 0-1: Ball 1-1: Foul Ball, location: 2F 1-2: Ground out 5-3 (Groundball, 5, EV 81.2 MPH)
|
|
Batting: RHB Yuichi Takata
|
0-0: Ball 1-0: Ball 2-0: Ball 3-0: Base on Balls
|
|
Pitching: RHP Ryan Jones
|
|
|
Batting: RHB Bob Najar
|
0-0: Called Strike Yuichi Takata steals 2nd base 0-1: Ball 1-1: Ground out 6-3 (Groundball, 6, EV 84.4 MPH)
|
| Bottom of the 7th over - 0 runs, 0 hits, 0 errors, 1 left on base; Round Rock 5 - Omaha 1 |
| TOP OF THE 8TH |
|
Round Rock Express batting - Pitching for Omaha Storm Chasers : RHP Sergio Quinones
|
|
Pitching: RHP Gan Ts'ong
|
|
|
Now at 2B: Jerry Castillo
|
|
|
Batting: RHB Jimmy Hammertime
|
0-0: Ball 1-0: SINGLE (Groundball, 6D, EV 95.0 MPH)
|
|
Batting: LHB Pauli Gassinger
|
0-0: Called Strike 0-1: Foul Ball, location: 2F 0-2: Foul Ball, location: 2F 0-2: Strikes out looking
|
|
Batting: RHB Gavin Fimple
|
0-0: Called Strike 0-1: Ball 1-1: DOUBLE (Flyball, 78D, EV 96.2 MPH) Jimmy Hammertime to third
|
|
Batting: RHB Rick Concha
|
0-0: Called Strike 0-1: DOUBLE (Line Drive, 7LM, EV 109.4 MPH) Jimmy Hammertime scores Gavin Fimple scores
|
|
Batting: RHB Cody Flowers
|
0-0: Called Strike 0-1: Ball 1-1: Foul Ball, location: 2F 1-2: Ball 2-2: Strikes out swinging
|
|
Batting: SHB David Simpson
|
0-0: Swinging Strike 0-1: Swinging Strike 0-2: Foul Ball, location: 2F 0-2: Foul Ball, location: 2F 0-2: Ball 1-2: Ball 2-2: Ball 3-2: Base on Balls
|
|
Batting: RHB Andrew Clarke
|
0-0: Ball 1-0: Fly out, F8 (Flyball, 8RD, EV 101.2 MPH)
|
| Top of the 8th over - 2 runs, 3 hits, 0 errors, 2 left on base; Round Rock 7 - Omaha 1 |
| BOTTOM OF THE 8TH |
|
Omaha Storm Chasers batting - Pitching for Round Rock Express : RHP Ryan Jones
|
|
Batting: LHB Roman Downey
|
0-0: Ball 1-0: Foul Ball, location: 2F 1-1: Called Strike 1-2: Strikes out looking
|
|
Batting: RHB Nick Ogle
|
0-0: Fly out, F9 (Flyball, 9D, EV 93.8 MPH)
|
|
Batting: RHB Mikolas Markus
|
0-0: Foul Ball, location: 2F 0-1: Ball 1-1: Foul Ball, location: 2F 1-2: Ball 2-2: Ball 3-2: Foul Ball, location: 2F 3-2: SINGLE (Groundball, 6MD, EV 101.2 MPH)
|
|
Batting: RHB Chris Cooper
|
0-0: Ball 1-0: Called Strike 1-1: Foul Ball, location: 2F 1-2: Fly out, F8 (Flyball, 8RS, EV 90.6 MPH)
|
| Bottom of the 8th over - 0 runs, 1 hit, 0 errors, 1 left on base; Round Rock 7 - Omaha 1 |
| TOP OF THE 9TH |
|
Round Rock Express batting - Pitching for Omaha Storm Chasers : RHP Gan Ts'ong
|
|
Pitching: RHP Joe Jordahl
|
|
|
Batting: RHB Orlando Suarez
|
0-0: Ball 1-0: Fly out, F9 (Flyball, 9LS, EV 90.6 MPH)
|
|
Batting: RHB Ernie Weathersbee
|
0-0: Called Strike 0-1: Called Strike 0-2: Ball 1-2: Fly out, F5 (Popup, 15S, EV 93.1 MPH)
|
|
Batting: RHB Jimmy Hammertime
|
0-0: Ball 1-0: Called Strike 1-1: Called Strike 1-2: Ball 2-2: Foul Ball, location: 2F 2-2: Foul Ball, location: 2F 2-2: Ball 3-2: Base on Balls
|
|
Batting: LHB Pauli Gassinger
|
0-0: Swinging Strike 0-1: Ball Wild Pitch! Jimmy Hammertime to second 1-1: Swinging Strike 1-2: Ball 2-2: Ball 3-2: Base on Balls
|
|
Batting: RHB Gavin Fimple
|
0-0: Ball 1-0: Fly out, F3 (Popup, 34, EV 64.4 MPH)
|
| Top of the 9th over - 0 runs, 0 hits, 0 errors, 2 left on base; Round Rock 7 - Omaha 1 |
| BOTTOM OF THE 9TH |
|
Omaha Storm Chasers batting - Pitching for Round Rock Express : RHP Ryan Jones
|
|
Batting: RHB Eric Sandell
|
0-0: Called Strike 0-1: Ball 1-1: Ground out 6-3 (Groundball, 56, EV 76.2 MPH)
|
|
Batting: RHB Joeri Plas
|
0-0: Ground out 6-3 (Groundball, 6, EV 80.6 MPH)
|
|
Batting: RHB Jerry Castillo
|
0-0: Called Strike 0-1: Ball 1-1: Called Strike 1-2: Foul Ball, location: 2F 1-2: Foul Ball, location: 2F 1-2: Foul Ball, location: 2F 1-2: Strikes out swinging
|
| Bottom of the 9th over - 0 runs, 0 hits, 0 errors, 0 left on base; Round Rock 7 - Omaha 1 |
|